 Dungeon Crawl Stone Soup version 0.28-a0-664-gc179e30c89 (webtiles) character file.

Game seed: 1690971417313764131

38 demibob the Cutter (level 3, 0/31 HPs)
             Began as a Gnoll Wanderer on Oct 17, 2021.
             Slain by Sigmund (6 damage)
             ... on level 2 of the Dungeon.
             The game lasted 00:01:52 (1461 turns).

demibob the Cutter (Gnoll Wanderer)                 Turns: 1461, Time: 00:01:52

Health: 0/31       AC:  2    Str: 11    XL:     3   Next: 43%
Magic:  4/4        EV: 11    Int: 11    God:
Gold:   65         SH:  0    Dex: 12    Spells: 3/3 levels left

rFire   . . .      SeeInvis .   a - +2 dagger
rCold   . . .      Faith    .   (no shield)
rNeg    . . .      Spirit   .   e - +0 robe
rPois   .          Reflect  .   (no helmet)
rElec   .          Harm     .   (no cloak)
rCorr   .          Rampage  .   (no gloves)
Will    .....                   (no boots)
Stlth   ++........              (no amulet)
HPRegen 0.10/turn               Z - ring of wizardry
MPRegen 0.09/turn               (no ring)

@: flying
A: fangs 1, strong nose, distributed training
a: no special abilities


You were on level 2 of the Dungeon.
You visited 1 branch of the dungeon, and saw 2 of its levels.

You collected 65 gold pieces.


Innate Abilities, Weirdness & Mutations

You have very sharp teeth.
Your uncanny sense of smell can sniff out nearby items.
Your experience applies equally to all skills.


   Skills:
 + Level 4.5 Fighting
 + Level 4.5 Short Blades
 + Level 0.8 Long Blades
 + Level 0.8 Axes
 + Level 0.8 Maces & Flails
 + Level 0.8 Polearms
 + Level 0.8 Staves
 + Level 0.8 Slings
 + Level 0.8 Bows
 + Level 0.8 Crossbows
 + Level 2.6 Throwing
 + Level 0.8 Armour
 + Level 0.8 Dodging
 + Level 4.1 Stealth
 + Level 0.8 Shields
 + Level 0.8 Unarmed Combat
 + Level 0.8 Spellcasting
 + Level 0.5 Conjurations
 + Level 2.1 Hexes
 + Level 0.5 Summonings
 + Level 0.5 Necromancy
 + Level 0.5 Translocations
 + Level 0.5 Transmutations
 + Level 0.5 Fire Magic
 + Level 0.5 Ice Magic
 + Level 3.7 Air Magic
 + Level 0.5 Earth Magic
 + Level 0.5 Poison Magic
 + Level 1.0 Invocations
 + Level 0.8 Evocations


You had 3 spell levels left.
You didn't know any spells.
Your spell library was empty.

Inventory:

Hand Weapons
 a - a +2 dagger (weapon)
 c - a +0 short sword
Armour
 e - a +0 robe (worn)
Jewellery
 C - a ring of ice
 Z - a ring of wizardry (left hand)
Scrolls
 b - a scroll of fog {unknown}
 d - 2 scrolls of silence {unknown}

Dungeon Overview and Level Annotations

Branches:
Dungeon (2/15)

Altars:

Annotations:
D:2 Sigmund, Terence

#####.# #...#######.#
......# #... #.# ......#
#...#######.#####.
......####..................
................$....##.....
.....###...♣..8..⚑..∩.+ ....
...............†.....##. ...
...##. .................. ..
...# .∩..8..∩g@♣..♣##.. .
...# .......b......# .. ...#
.........@....# . ...#
.∩..∩..♣..♣..♣... ...#
..............###∆ ...#
...............# ...#
.∩..∩..∩.....♣... ...#
..............### ...#
..............#


You could see Sigmund, a goblin and a bat.


Message History

The bat closely misses you. The goblin hits you with a +0 dagger.
You hit Sigmund.
Sigmund is lightly wounded.
Sigmund barely misses you. The bat hits you but does no damage.
You hit Sigmund. You bite Sigmund, but do no damage.
Sigmund is lightly wounded.
The bat barely misses you. The goblin hits you with a +0 dagger.
* * * LOW HITPOINT WARNING * * *
You are too injured to fight recklessly!
You are too injured to fight recklessly!
You are too injured to fight recklessly!
You are too injured to fight recklessly!
You are too injured to fight recklessly!
You are too injured to fight recklessly!
You closely miss Sigmund.
Sigmund is lightly wounded.
Sigmund barely misses you. The goblin barely misses you.
It was a potion of flight.
You feel very buoyant.
You fly up into the air.
The bat misses you. The bat hits you but does no damage.
The goblin hits you with a +0 dagger.
* * * LOW HITPOINT WARNING * * *
Sigmund casts a spell at you. The magic dart hits you.
* * * LOW HITPOINT WARNING * * *
The bat hits you.
* * * LOW HITPOINT WARNING * * *
The goblin misses you.
Sigmund hits you from afar with a +0 scythe.
You die...

Skill      XL: |  1  2  3 |
---------------+----------+-----
Hexes          | 2 |  2.1
Invocations    | 1 |  1.0
Fighting       | |  4.5
Short Blades   | |  4.5
Long Blades    | |  0.8
Axes           | |  0.8
Maces & Flails | |  0.8
Polearms       | |  0.8
Staves         | |  0.8
Slings         | |  0.8
Bows           | |  0.8
Crossbows      | |  0.8
Throwing       | |  2.6
Armour         | |  0.8
Dodging        | |  0.8
Stealth        | |  4.1
Shields        | |  0.8
Unarmed Combat | |  0.8
Spellcasting   | |  0.8
Conjurations   | |  0.5
Summonings     | |  0.5
Necromancy     | |  0.5
Translocations | |  0.5
Transmutations | |  0.5
Fire Magic     | |  0.5
Ice Magic      | |  0.5
Air Magic      | |  3.7
Earth Magic    | |  0.5
Poison Magic   | |  0.5
Evocations     | |  0.8

Action                   || total
-------------------------++-------
Melee: Dagger            ||    93
       Bite              ||     4
       Punch             ||     1
  Use: Potion            ||     2
       Scroll            ||     1
 Stab: Sleeping          ||     5
Armor: Robe              ||    24
Dodge: Dodged            ||    57

Levels and vault maps discovered:
D:1:      minmay_arrival_cross, layout_rooms, minmay_misc_feat_chi
D:2:      layout_basic, hellmonk_ecumenical_altar_arch_garden,
          hangedman_decor_push, uniq_crazy_yiuf_cottage, uniq_sigmund,
          uniq_terence

Notes
Turn   | Place    | Note
-------+----------+-------------------------------------------
     0 | D:1      | demibob the Gnoll Wanderer began the quest for the Orb.
     0 | D:1      | demibob set off with the following items: a +2 dagger, a
                  | scroll of blinking, a +0 short sword, a potion of curing
                  | {@q1}, a +0 robe
     0 | D:1      | Reached XP level 1. HP: 20/20 MP: 1/1
    94 | D:1      | Reached skill level 2 in Hexes
   109 | D:1      | Reached XP level 2. HP: 13/26 MP: 2/2
   889 | D:2      | Reached XP level 3. HP: 31/31 MP: 3/3
  1385 | D:2      | Noticed Terence
  1437 | D:2      | Found a faded altar of an unknown god.
  1444 | D:2      | Reached skill level 1 in Invocations
  1445 | D:2      | Noticed Sigmund
  1461 | D:2      | Slain by Sigmund

Vanquished Creatures
  An adder (D:1)
  A dart slug (D:2)
  2 bats
  An endoplasm (D:1)
  4 giant cockroaches (D:1)
  3 hobgoblins (D:1)
  2 quokkas (D:1)
  5 ball pythons
  4 frilled lizards (D:1)
  2 kobolds (D:1)
  2 rats
27 creatures vanquished.

Table legend: (Time is in decaauts)
 A = Elapsed time spent in this place.
 B = Non-inter-level travel time spent in this place.
 C = Inter-level travel time spent in this place.
 D = Time resting spent in this place.
 E = Time spent auto-exploring this place.
 F = Levels seen in this place.
 G = Mean time per level.
                   A        B        C        D        E       F      G
               +--------+--------+--------+--------+--------+-----+--------+
         Total |   1441 |   1415 |     26 |    706 |    496 |   2 |  720.5 |
       Dungeon |   1441 |   1415 |     26 |    706 |    496 |   2 |  720.5 |
               +--------+--------+--------+--------+--------+-----+--------+

Top non-repeatable levels by time:
     D:1: 1072 daAuts
     D:2: 368 daAuts

Table legend:
 A = Non-vault XP
 B = Vault XP
 C = Vault XP percentage of total XP
 D = Non-vault monster count
 E = Vault monster count
 F = Vault count percentage of total count
                 A         B        C        D         E       F
            +---------+---------+-------+---------+---------+-------
      Total |      55 |       0 |   0.0 |      27 |       0 |   0.0
            +---------+---------+-------+---------+---------+-------
        D:1 |      46 |       0 |   0.0 |      22 |       0 |   0.0
        D:2 |       9 |       0 |   0.0 |       5 |       0 |   0.0
            +---------+---------+-------+---------+---------+-------
